 Dungeon Crawl Stone Soup version 0.31-a0-1589-g8f5e8aebd6 (webtiles) character file.

Game seed: 13875436457054115798

80 quinnr the Gusty (level 4, -5/20 (24) HPs)
             Began as a Tengu Air Elementalist on Jan 5, 2024.
             Slain by Terence
             ... wielding the +7 Throatcutter {drain, coup de grace}
              (13 damage)
             ... on level 2 of the Dungeon.
             The game lasted 00:03:17 (1978 turns).

quinnr the Gusty (Tengu Air Elementalist)           Turns: 1978, Time: 00:03:18

HP:   -5/20 (24)    AC:  2    Str:  8    XL:     4   Next: 39%
MP:   3/9           EV: 12    Int: 18    God:
Gold: 57            SH:  0    Dex: 14    Spells: 2/8 levels left

rFire   . . .        (no weapon)
rCold   . . .        (no shield)
rNeg    . . .        a - +0 robe
rPois   .            (helmet restricted)
rElec   .            (no cloak)
rCorr   .            (no gloves)
SInv    .            (boots unavailable)
Will    +....        (no amulet)
Stlth   ++           W - ring of willpower
HPRegen 0.23/turn    (no ring)
MPRegen 0.11/turn

%: acrobat
@: very slightly contaminated, heavily drained
A: beak, talons 3, acrobatic
a: no special abilities


You were on level 2 of the Dungeon.
You visited 1 branch of the dungeon, and saw 3 of its levels.

You collected 57 gold pieces.


Innate Abilities, Weirdness & Mutations

You have a beak for a mouth.
You have claws for feet.
You can magically evade attacks while moving or waiting.


   Skills:
 - Level 2.2 Dodging
 - Level 2.1 Stealth
 + Level 2.8 Spellcasting
 + Level 3.2 Conjurations
 + Level 5.0 Air Magic


You had 2 spell levels left.
You knew the following spells:

 Your Spells              Type           Power      Damage    Failure   Level
i - Swiftness             Air            20%        N/A       6%          3
t - Static Discharge      Conj/Air       34%        3-5/arc   4%          2
z - Shock                 Conj/Air       68%        1d7       3%          1

Your spell library contained the following spells:

 Spells                   Type           Power      Damage    Failure   Level
 Airstrike                Air            10%        2d(2-18)  22%         4

Inventory:

Armour
 a - a +0 robe (worn)
Jewellery
 F - a ring of fire
 W - a ring of willpower (left hand)
Scrolls
 c - a scroll of immolation {unknown}
 e - a scroll of torment {unknown}
 f - 2 scrolls of identify {unknown}
 g - 2 scrolls of blinking {unknown}
Potions
 b - a potion of magic
 d - a potion of brilliance {unknown}

Dungeon Overview and Level Annotations

Branches:
Dungeon (3/15)

Altars:

Shops:
D:2 *

Annotations:
D:2 Terence

..## #..▓▓▓▓.@...▓▓
▓......
...###..▓.▓▓▓.....▓▓
▓......
...+....▓..▓▓▓.....▓▓
▓.....>
>..##.#.'...▓▓▓.....▓
+......
..###.#.▓....▓▓▓▓'▓▓▓
▓.#.... .##
#...▓.....▓.....▓
▓.##... ##
#...▓▓....▓.....▓
##.. #
#.#.▓▓▓...).@.).+ ##'
#.#.▓ ▓▓..▓.@...▓ #.
#.#.▓ ▓▓.▓.)...▓ #. #
# #.▓ ▓▓▓▓▓†▓▓▓ ##.
## ... #.#.. .####.#
▓.... #.... #.....#
▓▓.... #.#.. #.#####
▓▓.... ...##. #.#
▓.... ▓...##. ..#
▓▓+▓▓ ▓.. ...


You could see Terence.


Message History

Terence is moderately wounded.
Terence shouts, "Now you die!"
The zap hits Terence.
Terence is heavily wounded.
The zap hits Terence.
Terence is severely wounded.
The zap hits Terence.
Terence is almost dead.
Terence hits you with the +7 Throatcutter {drain, coup de grace}.
You feel drained.
The zap hits Terence but does no damage.
Terence is almost dead.
Terence hits you with the +7 Throatcutter {drain, coup de grace}!
* * * LOW HITPOINT WARNING * * *
You feel drained.
* * * LOW HITPOINT WARNING * * *
You are too injured to fight recklessly!
Unknown command.
Casting: Shock (safe; 3% risk of failure)
Confirm with . or Enter, or press ? or * to list all spells.
Aiming: Shock (safe; 3% risk of failure)
Press: ? - help, Shift-Dir - straight line, f/p - Terence
Aim: Terence, wielding the +7 Throatcutter {drain, coup de grace} and wearing a +0 scale mail (almost dead, 75% to hit)
You miscast Shock.
You are very lightly contaminated with residual magic.
Nothing appears to happen.
Terence hits you with the +7 Throatcutter {drain, coup de grace}!
Ouch! That really hurt!
You die...
Terence says, "That felt goooood."

Skill      XL: |  1  2  3  4 |
---------------+-------------+-----
Conjurations   | 2 3 |  3.2
Air Magic      | 5 |  5.0
Dodging        | |  2.2
Stealth        | |  2.1
Spellcasting   | |  2.8

Action                     |  1- 3 |  4- 6 || total
---------------------------+-------+-------++-------
   Cast: Shock             |    62 |    33 ||    95
    Use: Potion            |     2 |       ||     2
 Armour: Robe              |     8 |     4 ||    12
  Dodge: Dodged            |    14 |     4 ||    18

Levels and vault maps discovered:
D:1:      lemuel_arrival_broad_hall, layout_loops_corners,
          dreamdust_ecumenical_altar_sealed_demon
D:2:      layout_loops_corners, serial_shops, nicolae_shop_tiny_real_fake_doors,
          minmay_quadrilaterals, uniq_terence
D:3:      layout_rooms, mainiacjoe_overflow_divided_tiny, serial_undead,
          serial_undead_f, serial_undead_d, serial_undead_b, serial_undead_c

Notes
Turn   | Place    | Note
-------+----------+-------------------------------------------
     0 | D:1      | quinnr the Tengu Air Elementalist began the quest for the
                  | Orb.
     0 | D:1      | Reached XP level 1. HP: 10/10 MP: 4/4
   315 | D:1      | Reached XP level 2. HP: 15/15 MP: 0/6
   402 | D:1      | Learned a level 2 spell: Static Discharge
   472 | D:1      | Found a faded altar of an unknown god.
   472 | D:1      | Noticed an Executioner
   566 | D:1      | Reached skill level 2 in Conjurations
   770 | D:2      | HP: 2/22 [poisoned by an adder]
   893 | D:2      | Reached XP level 3. HP: 19/19 MP: 1/7
   897 | D:2      | Learned a level 3 spell: Swiftness
  1519 | D:2      | Reached XP level 4. HP: 24/24 MP: 7/9
  1559 | D:2      | Reached skill level 3 in Conjurations
  1710 | D:2      | Found Gokhei's Assorted Antiques.
  1897 | D:2      | Reached skill level 5 in Air Magic
  1967 | D:2      | Noticed Terence
  1978 | D:2      | Slain by Terence

Vanquished Creatures
  4 adders (D:2)
  2 dart slugs (D:2)
  An orc (D:3)
  3 bats
  4 endoplasms
  6 goblins
  5 hobgoblins
  3 kobolds
  3 quokkas
  2 ball pythons
  2 frilled lizards (D:2)
  A rat (D:2)
36 creatures vanquished.

Table legend: (Time is in decaauts)
 A = Elapsed time spent in this place.
 B = Non-inter-level travel time spent in this place.
 C = Inter-level travel time spent in this place.
 D = Time resting spent in this place.
 E = Time spent auto-exploring this place.
 F = Levels seen in this place.
 G = Mean time per level.
                   A        B        C        D        E       F      G
               +--------+--------+--------+--------+--------+-----+--------+
         Total |   1977 |   1893 |     84 |    142 |   1509 |   3 |  659.0 |
       Dungeon |   1977 |   1893 |     84 |    142 |   1509 |   3 |  659.0 |
               +--------+--------+--------+--------+--------+-----+--------+

Top non-repeatable levels by time:
     D:2: 1147 daAuts
     D:1: 739 daAuts
     D:3: 90 daAuts

Table legend:
 A = Non-vault XP
 B = Vault XP
 C = Vault XP percentage of total XP
 D = Non-vault monster count
 E = Vault monster count
 F = Vault count percentage of total count
                 A         B        C        D         E       F
            +---------+---------+-------+---------+---------+-------
      Total |     109 |       6 |   5.2 |      32 |       4 |  11.1
            +---------+---------+-------+---------+---------+-------
        D:1 |      18 |       0 |   0.0 |       9 |       0 |   0.0
        D:2 |      81 |       6 |   6.9 |      18 |       4 |  18.2
        D:3 |      10 |       0 |   0.0 |       5 |       0 |   0.0
            +---------+---------+-------+---------+---------+-------

Levels and vault maps discovered:
D:1:      lemuel_arrival_broad_hall, layout_loops_corners,
          dreamdust_ecumenical_altar_sealed_demon
D:2:      layout_loops_corners, serial_shops, nicolae_shop_tiny_real_fake_doors,
          minmay_quadrilaterals, uniq_terence
D:3:      layout_rooms, mainiacjoe_overflow_divided_tiny, serial_undead,
          serial_undead_f, serial_undead_d, serial_undead_b, serial_undead_c
